 Dungeon Crawl Stone Soup version 0.31-a0-1370-gf52a5a9ab3 (webtiles) character file.

Game seed: 17291483963608197180

609 MisterAzrael the Conjurer (level 7, -6/34 (36) HPs)
             Began as a Deep Elf Conjurer on Dec 24, 2023.
             Mangled by Dowan
             ... wielding a +2 dagger of draining
              (8 damage)
             ... on level 6 of the Dungeon.
             The game lasted 00:10:06 (5182 turns).

MisterAzrael the Conjurer (Deep Elf Conjurer)       Turns: 5182, Time: 00:10:07

HP:   -6/34 (36)    AC:  2    Str:  4    XL:     7   Next: 19%
MP:   16/17         EV: 12    Int: 25    God:
Gold: 221           SH:  0    Dex: 13    Spells: 6/17 levels left

rFire   . . .        x - +2 dagger (flame)
rCold   . . .        (no shield)
rNeg    . . .        a - +0 robe
rPois   .            (no helmet)
rElec   .            (no cloak)
rCorr   .            (no gloves)
SInv    .            (no boots)
Will    .....        e - amulet of regeneration
Stlth   ++           (no ring)
HPRegen 1.05/turn    (no ring)
MPRegen 0.15/turn

%: no passive effects
@: drained
A: no striking features
a: no special abilities


You were on level 6 of the Dungeon.
You visited 1 branch of the dungeon, and saw 6 of its levels.

You collected 221 gold pieces.

Inventory:

Hand Weapons
 c - a +1 dagger of pain
 k - a +0 heavy falchion
 w - a +0 rapier of freezing
 x - a +2 dagger of flaming (weapon)
Missiles
 t - a throwing net
Armour
 a - a +0 robe (worn)
 v - the +2 leather armour "Wuptocw" {+Inv}
   (You found it on level 4 of the Dungeon)

   +Inv:      It lets you turn invisible.
Jewellery
 e - an amulet of regeneration (around neck)
 n - a ring of flight
 s - a +5 ring of evasion
Wands
 q - a wand of flame (6)
Scrolls
 g - 3 scrolls of teleportation {unknown}
 j - 2 scrolls of identify {unknown}
 l - 2 scrolls of blinking {unknown}
 y - a scroll of vulnerability {unknown}
Potions
 b - 3 potions of lignification {unknown}
 d - 3 potions of curing {unknown}
 f - a potion of heal wounds {unknown}
 h - a potion of cancellation {unknown}
 i - a potion of degeneration {unknown}
 m - 3 potions of enlightenment {unknown}
 p - a potion of brilliance {unknown}
 r - a potion of mutation {unknown}
 u - 2 potions of magic


   Skills:
 + Level 1.2 Short Blades
 - Level 2.9 Dodging
 - Level 3.0 Stealth
 + Level 5.9 Spellcasting
 + Level 6.1 Conjurations
 * Level 6.0 Hexes


You had 6 spell levels left.
You knew the following spells:

 Your Spells              Type           Power      Damage    Failure   Level
a - Magic Dart            Conj           100%       1d8       1%          1
b - Searing Ray           Conj           76%        2d7       1%          2
c - Tukima's Dance        Hex            37%        N/A       1%          3
d - Yara's Violent Unrav  Hex/Alch       11%        3d6       52%         5

Your spell library contained the following spells:

 Spells                   Type           Power      Damage    Failure   Level
 Blink                    Tloc           14%        N/A       12%         2
 Call Imp                 Summ           14%        N/A       12%         2
 Fulminant Prism          Conj/Alch      11%        3d8       21%         4
 Iskenderun's Mystic Bla  Conj/Tloc      22%        2d6       21%         4
 Passage of Golubria      Tloc           7%         N/A       58%         4


Dungeon Overview and Level Annotations

Branches:
Dungeon (6/15)
 Temple: D:4-7

Altars:
Qazlal
Trog
Uskayaw

Shops:
D:2 :[   D:3 (

Annotations:
D:6 Dowan, Duvessa


Message History

The +0 short sword dances into the air!
Dowan hits your +0 short sword with a +2 dagger of draining.
Dowan hits your +0 short sword with a +2 dagger of draining!
Your +0 short sword falls from the air.
Duvessa barely misses you.
Dowan points at Duvessa and mumbles some strange words.
Duvessa seems to speed up.
Duvessa barely misses you. Duvessa hits you.
Found a stone staircase leading down.
Dowan casts a spell.
Dowan blinks!
Duvessa hits you! Duvessa barely misses you. Duvessa hits you!
Dowan closely misses you. Duvessa hits you. Dowan attacks as he pursues you!
Dowan barely misses you. Duvessa closely misses you. Duvessa misses you.
Dowan hits you with a +2 dagger of draining.
You feel drained.
There is a stone staircase leading down here.
Duvessa misses you. Dowan casts a spell at you.
You easily resist.
You climb downwards.
Found 23 gold pieces, a fizzy pink potion and 4 stones.
Found a stone staircase leading down.
There is a stone staircase leading up here.
As you read the scroll of brand weapon, it crumbles to dust.
Your +2 dagger of venom is engulfed in flames!
x - a +2 dagger of flaming (weapon)
Duvessa hits you. Duvessa barely misses you. Dowan closely misses you.
You hit Duvessa but do no damage. Duvessa hits you!
You hit Duvessa but do no damage. Duvessa barely misses you.
Dowan hits you with a +2 dagger of draining.
* * * LOW HITPOINT WARNING * * *
You feel drained. Duvessa hits you!
* * * LOW HITPOINT WARNING * * *
Dowan hits you with a +2 dagger of draining!
You die...

##........
.....( $#
...>...
#!..#.
.... #$.##
.#
#ee.#...#
#<@.....#
#####..##
.#


You could see Duvessa (fast) and Dowan.

Vanquished Creatures
  A phantom (D:4)
  A vampire bat (D:3)
  An orc priest (D:4)
  Natasha (thrice) (D:2)
  Robin (D:4)
  A gnoll (D:1)
  8 adders
  A bombardier beetle (D:3)
  6 dart slugs
  3 fire bats (D:3)
  6 orcs
  2 spectral bats (D:3)
  8 ball pythons
  A bat simulacrum (D:3)
  3 bat skeletons (D:3)
  A bat zombie (D:3)
  7 endoplasms
  3 giant cockroaches
  15 goblins
  6 hobgoblins
  7 jackals
  6 kobolds
  7 quokkas
  18 bats
  5 frilled lizards
  9 rats
130 creatures vanquished.

Vanquished Creatures (collateral kills)
  An ogre (D:4)
1 creature vanquished.

Vanquished Creatures (others)
  A dancing weapon (D:5)
1 creature vanquished.

Grand Total: 132 creatures vanquished

Notes
Turn   | Place    | Note
-------+----------+-------------------------------------------
     0 | D:1      | MisterAzrael the Deep Elf Conjurer began the quest for the
                  | Orb.
     0 | D:1      | Reached XP level 1. HP: 10/10 MP: 6/6
     9 | D:1      | Reached XP level 2. HP: 15/15 MP: 1/8
   292 | D:1      | Reached XP level 3. HP: 19/19 MP: 7/10
   841 | D:1      | Reached skill level 5 in Conjurations
   844 | D:1      | Learned a level 2 spell: Searing Ray
   848 | D:1      | Learned a level 3 spell: Tukima's Dance
  1203 | D:2      | Found Naut's Armour Boutique.
  1337 | D:2      | Noticed Natasha
  1341 | D:2      | Killed Natasha
  1342 | D:2      | Reached skill level 1 in Hexes
  1342 | D:2      | Reached XP level 4. HP: 24/24 MP: 7/12
  1659 | D:2      | Found Luppag's Book Emporium.
  2204 | D:2      | Noticed Natasha
  2209 | D:2      | Killed Natasha
  2776 | D:2      | Noticed Natasha
  2785 | D:2      | Killed Natasha
  2786 | D:2      | Reached XP level 5. HP: 25/28 MP: 9/14
  3190 | D:3      | Reached skill level 5 in Spellcasting
  3294 | D:3      | Reached XP level 6. HP: 32/32 MP: 8/15
  3489 | D:3      | Found a stormy altar of Qazlal.
  3679 | D:3      | Found Pezait's Antique Weapon Shoppe.
  4028 | D:3      | Found a faded altar of an unknown god.
  4084 | D:3      | Learned a level 5 spell: Yara's Violent Unravelling
  4299 | D:4      | Reached skill level 5 in Hexes
  4353 | D:4      | Identified the +2 leather armour "Wuptocw" {+Inv}
  4592 | D:4      | Found a hide-covered altar of Uskayaw.
  4592 | D:4      | Found a bloodstained altar of Trog.
  4812 | D:4      | Reached skill level 1 in Short Blades
  4812 | D:4      | Reached XP level 7. HP: 32/36 MP: 8/17
  4836 | D:4      | Noticed Robin
  4852 | D:4      | Killed Robin
  5163 | D:5      | Entered Level 5 of the Dungeon
  5163 | D:5      | Noticed Duvessa
  5163 | D:5      | Noticed Dowan
  5182 | D:6      | Mangled by Dowan

Illustrated notes

Levels and vault maps discovered:
D:1:      lightli_iron_boxes, layout_basic, serial_rivers,
          chequers_serial_rivers_small_a, chequers_serial_rivers_small_a,
          chequers_serial_rivers_micro_e, chequers_serial_rivers_micro_d,
          chequers_serial_rivers_micro_c, hangedman_decor_diamond_cutter,
          minmay_tall_x
D:2:      layout_basic, serial_shops, shop, shop, uniq_natasha
D:3:      layout_loops_ring, overflow_temple_1_default, serial_shops, shop,
          shapermc_ecumenical_altar_starsandcircs, goddamned_bats
D:4:      layout_basic, mainiacjoe_overflow_divided_tiny, uniq_robin
D:5:      minmay_inner_zag, layout_layer_cave, lemuel_crystal_altar,
          uniq_eustachio, uniq_duvessa
D:6:      layout_basic, minmay_temple_entry_slanted, uniq_edmund,
          uniq_prince_ribbit1

Skill      XL: |  1  2  3  4  5  6  7 |
---------------+----------------------+-----
Stealth        | 3 |  3.0
Spellcasting   | 4 5 |  5.9
Conjurations   | 5 6 |  6.1
Hexes          | 1 2 4 5 6 |  6.0
Short Blades   | 1 |  1.2
Dodging        | |  2.9

Action                     |  1- 3 |  4- 6 |  7- 9 || total
---------------------------+-------+-------+-------++-------
  Melee: Dagger            |    10 |       |     3 ||    13
         Rapier            |       |    19 |    21 ||    40
         Punch             |       |     1 |       ||     1
   Cast: Magic Dart        |    68 |   130 |       ||   198
         Searing Ray       |       |     7 |     2 ||     9
         Tukima's Dance    |       |     2 |     1 ||     3
    Use: Potion            |     1 |       |       ||     1
         Scroll            |       |     3 |     1 ||     4
   Stab: Sleeping          |       |       |     1 ||     1
 Armour: Robe              |    22 |    51 |    28 ||   101
  Dodge: Dodged            |    17 |    78 |    27 ||   122

Table legend: (Time is in decaauts)
 A = Elapsed time spent in this place.
 B = Non-inter-level travel time spent in this place.
 C = Inter-level travel time spent in this place.
 D = Time resting spent in this place.
 E = Time spent auto-exploring this place.
 F = Levels seen in this place.
 G = Mean time per level.
                   A        B        C        D        E       F      G
               +--------+--------+--------+--------+--------+-----+--------+
         Total |   5187 |   4853 |    334 |    430 |   3551 |   6 |  864.5 |
       Dungeon |   5187 |   4853 |    334 |    430 |   3551 |   6 |  864.5 |
               +--------+--------+--------+--------+--------+-----+--------+

Top non-repeatable levels by time:
     D:2: 1614 daAuts
     D:3: 1301 daAuts
     D:1: 1182 daAuts
     D:4: 1070 daAuts
     D:5: 14 daAuts
     D:6: 3 daAuts
